 Dungeon Crawl Stone Soup version 0.29-a0-330-g52719c12eb (webtiles) character file.

Game seed: 14624389732101771438

109 Aelig the Sneak (level 5, -5/30 HPs)
             Began as a Kobold Brigand on Apr 25, 2022.
             Slain by an ogre
             ... wielding a +0 giant club
              (17 damage)
             ... on level 4 of the Dungeon.
             The game lasted 00:09:11 (3926 turns).

Aelig the Sneak (Kobold Brigand)                    Turns: 3926, Time: 00:09:12

Health: -5/30      AC:  6    Str:  8    XL:     5   Next: 13%
Magic:  5/5        EV: 16    Int: 12    God:
Gold:   113        SH:  0    Dex: 19    Spells: 4/4 levels left

rFire   . . .      SeeInvis .   a - +2 dagger
rCold   . . .      Faith    .   (no shield)
rNeg    . . .      Spirit   .   t - +0 ring mail
rPois   .          Reflect  .   (no helmet)
rElec   .          Harm     .   c - +0 cloak
rCorr   .          Rampage  .   (no gloves)
Will    .....                   (no boots)
Stlth   ++++......              (no amulet)
HPRegen 0.10/turn               j - +4 ring of evasion
MPRegen 0.09/turn               (no ring)

@: no status effects
A: small, no large weapons, nightstalker 3
a: no special abilities


You were on level 4 of the Dungeon.
You visited 1 branch of the dungeon, and saw 5 of its levels.

You collected 113 gold pieces.

Inventory:

Hand Weapons
 a - a +2 dagger (weapon)
Missiles
 b - 3 poisoned darts
 e - 3 curare-tipped darts
 i - 29 stones (quivered)
Armour
 c - a +0 cloak (worn)
 m - a +0 scale mail
 t - a +0 ring mail (worn)
Jewellery
 j - a +4 ring of evasion (left hand)
 p - a ring of fire
Scrolls
 d - a scroll of immolation {unknown}
 f - a scroll of noise {unknown}
 g - a scroll of teleportation {unknown}
 k - a scroll of amnesia {unknown}
 l - 3 scrolls of identify
 o - a scroll of brand weapon {unknown}
 q - a scroll of fog {unknown}
 r - a scroll of silence {unknown}
 s - a scroll of enchant weapon {unknown}
Potions
 n - a potion of lignification


   Skills:
 - Level 2.1 Fighting
 + Level 4.9 Short Blades
 + Level 4.1 Throwing
 - Level 1.2 Dodging
 - Level 5.3 Stealth


You had 4 spell levels left.
You didn't know any spells.
Your spell library contained the following spells:

 Spells                   Type           Power      Damage    Failure   Level
 Ensorcelled Hibernation  Hex/Ice        0%         N/A       83%         2
 Passwall                 Tmut/Erth      0%         N/A       83%         2
 Swiftness                Air            0%         N/A       97%         3
 Dispersal                Tloc           0%         N/A       100%        6
 Disjunction              Tloc           0%         N/A       100%        8


Dungeon Overview and Level Annotations

Branches:
Dungeon (5/15)
 Temple: D:4-7

Altars:

Shops:
D:3 :

Annotations:
D:4 exclusion: ogre


Innate Abilities, Weirdness & Mutations

You are small and have problems with some larger weapons.
You are completely attuned to the shadows.


Message History

Aim: an ogre, wielding a +0 giant club (77% to hit)
You throw a poisoned dart. The poisoned dart hits the ogre.
The ogre is poisoned.
Throw: 7 darts (poison)
Press: ? - help, Shift-Dir - straight line, f/p - ogre
Aim: an ogre, wielding a +0 giant club (poisoned, 77% to hit)
You throw a poisoned dart.
The poisoned dart barely misses the ogre.
Throw: 6 darts (poison)
Press: ? - help, Shift-Dir - straight line, f/p - ogre
Aim: an ogre, wielding a +0 giant club (lightly wounded, poisoned, 77% to hit)
You throw a poisoned dart.
The poisoned dart barely misses the ogre.
You barely miss the ogre.
The ogre is moderately wounded.
The ogre looks more healthy.
The ogre completely misses you.
You hit the ogre.
The ogre is moderately wounded.
Throw: 5 darts (poison)
Press: ? - help, Shift-Dir - straight line, f/p - ogre
Aim: an ogre, wielding a +0 giant club (moderately wounded, 77% to hit)
You throw a poisoned dart. The poisoned dart hits the ogre.
The ogre is poisoned.
The ogre is moderately wounded.
The ogre misses you.
Throw: 4 darts (poison)
Press: ? - help, Shift-Dir - straight line, f/p - ogre
Aim: an ogre, wielding a +0 giant club (moderately wounded, poisoned, 77% to hit)
You throw a poisoned dart. The poisoned dart hits the ogre.
The ogre looks even sicker.
The ogre is moderately wounded.
You hit the ogre.
The ogre is heavily wounded.
The ogre hits you with a +0 giant club!!
Ouch! That really hurt!
You hit the ogre but do no damage.
The ogre is heavily wounded.
The ogre attacks as you move away! The ogre hits you with a +0 giant club!
Ouch! That really hurt!
You die...

#..#........
#..#########
#..###########
#.............(#
##.###########(#
#.#.....# #.#
#.#.###.# #.#
#.#.# #.#####.#
########.#.#
#..@O...#
.........#.#
#########
##########.# #<#
# #.# #.# ####
#.#########.#
...#
#...........#
##.#
#############
##.# ...#


You could see an ogre (very poisoned).

Vanquished Creatures
  3 gnolls (D:2)
  2 adders
  4 ball pythons
  4 endoplasms
  3 giant cockroaches
  12 goblins
  6 hobgoblins
  3 jackals (D:3)
  3 quokkas
  3 bats
  4 frilled lizards
  3 kobolds
  10 rats
60 creatures vanquished.

Notes
Turn   | Place    | Note
-------+----------+-------------------------------------------
     0 | D:1      | Aelig the Kobold Brigand began the quest for the Orb.
     0 | D:1      | Reached XP level 1. HP: 12/12 MP: 1/1
    94 | D:1      | Found a faded altar of an unknown god.
   123 | D:1      | Reached XP level 2. HP: 15/17 MP: 2/2
   428 | D:1      | Reached XP level 3. HP: 21/21 MP: 3/3
  2056 | D:2      | Reached XP level 4. HP: 13/26 MP: 4/4
  2760 | D:3      | Noticed a sky beast
  3171 | D:4      | Noticed an ogre
  3208 | D:5      | Entered Level 5 of the Dungeon
  3369 | D:3      | Found Tajamo's Book Boutique.
  3522 | D:3      | Reached XP level 5. HP: 30/30 MP: 5/5
  3926 | D:4      | Slain by an ogre

Illustrated notes

Levels and vault maps discovered:
D:1:      minmay_arrival_hallway, layout_loops_ring,
          dreamdust_ecumenical_altar_statues
D:2:      layout_loops_ring, serial_glass, glass_columns_c, glass_columns_a,
          minmay_strange_pillars, minmay_strange_pillars
D:3:      layout_rooms, serial_shops, nicolae_shop_crystal
D:4:      layout_basic, lemuel_tele_altar, ebering_ghost_sewer_d
D:5:      layout_cave_pods, grunt_decor_one_mirror

Skill      XL: |  1  2  3  4 |
---------------+-------------+-----
Short Blades   | 3 4 |  4.9
Throwing       | 3 4 |  4.1
Fighting       | |  2.1
Dodging        | |  1.2
Stealth        | |  5.3

Action                   |  1- 3 |  4- 6 || total
-------------------------+-------+-------++-------
Melee: Dagger            |    89 |    57 ||   146
       Punch             |       |     1 ||     1
Throw: Stone             |     8 |    10 ||    18
       Dart              |       |    17 ||    17
  Use: Scroll            |       |     1 ||     1
       Potion            |       |     1 ||     1
 Stab: Sleeping          |    14 |    10 ||    24
Armor: Robe              |    17 |     4 ||    21
Dodge: Dodged            |    45 |    41 ||    86

Table legend: (Time is in decaauts)
 A = Elapsed time spent in this place.
 B = Non-inter-level travel time spent in this place.
 C = Inter-level travel time spent in this place.
 D = Time resting spent in this place.
 E = Time spent auto-exploring this place.
 F = Levels seen in this place.
 G = Mean time per level.
                   A        B        C        D        E       F      G
               +--------+--------+--------+--------+--------+-----+--------+
         Total |   3879 |   3734 |    145 |    897 |   1894 |   5 |  775.8 |
       Dungeon |   3879 |   3734 |    145 |    897 |   1894 |   5 |  775.8 |
               +--------+--------+--------+--------+--------+-----+--------+

Top non-repeatable levels by time:
     D:2: 1806 daAuts
     D:1: 1030 daAuts
     D:3: 711 daAuts
     D:4: 329 daAuts
     D:5: 1 daAuts
